 Dungeon Crawl Stone Soup version 0.27-a0-1200-g94dc6ad4cf (webtiles) character file.

Game seed: 9483411410978556190

1 Froggeryz the Cudgeller (level 1, 0/12 HPs)
             Began as a Gargoyle Gladiator on May 30, 2021.
             Slain by a kobold
             ... wielding a +2 short sword of flaming
              (4 damage)
             ... on level 1 of the Dungeon.
             The game lasted 00:00:07 (38 turns).

Froggeryz the Cudgeller (Gargoyle Gladiator)          Turns: 38, Time: 00:00:07

Health: 0/12       AC:  6    Str: 17    XL:     1   Next: 20%
Magic:  1/1        EV: 12    Int:  8    God:
Gold:   7          SH:  0    Dex: 11    Spells: 0/0 levels left

rFire    . . .     SeeInvis .   a - +0 flail
rCold    . . .     Faith    .   (no shield)
rNeg     + . .     Spirit   .   b - +0 leather armour
rPois    ∞         Reflect  .   c - +0 helmet
rElec    +         Harm     .   (no cloak)
rCorr    .         Rampage  .   (no gloves)
Will     .....                  (no boots)
Stlth    +.........             (no amulet)
HPRegen  0.04/turn              (no ring)
MPRegen  0.07/turn              (no ring)

@: no status effects
A: sickness immunity, AC +2, negative energy resistance 1, electricity
resistance, torment resistance 1, petrification resistance
a: no special abilities


You were on level 1 of the Dungeon.
You visited 1 branch of the dungeon, and saw 1 of its levels.

You collected 7 gold pieces.

Inventory:

Hand Weapons
 a - a +0 flail (weapon)
Missiles
 d - 3 throwing nets (quivered)
Armour
 b - a +0 leather armour (worn)
 c - a +0 helmet (worn)


   Skills:
 - Level 2.1 Fighting
 * Level 3.0 Maces & Flails
 - Level 1.7 Throwing
 + Level 0.1 Armour
 - Level 2.4 Dodging


You couldn't memorise any spells.
You didn't know any spells.
Your spell library was empty.

Dungeon Overview and Level Annotations

Branches:
Dungeon (1/15)

Altars:


Innate Abilities, Weirdness & Mutations

You are immune to sickness and miasma.
Your stone body is resilient. (AC +2)
You are immune to poison.
You resist negative energy. (rN+)
You are resistant to electric shocks. (rElec)
You are resistant to unholy torment.
You are immune to petrification.


Message History

You see here a scroll labelled MEPNAE MOHUX.
A dart slug comes into view.
You closely miss the hobgoblin. The hobgoblin hits you.
The hobgoblin closely misses you.
You sock the hobgoblin!
You kill the hobgoblin!
The dart slug launches a dart at you. The slug dart hits you.
You are too injured to fight recklessly!
You are too injured to fight recklessly!
You are too injured to fight recklessly!
You are too injured to fight recklessly!
You are too injured to fight recklessly!
You are too injured to fight recklessly!
You are too injured to fight recklessly!
You are too injured to fight recklessly!
You are too injured to fight recklessly!
You are too injured to fight recklessly!
You are too injured to fight recklessly!
You are too injured to fight recklessly!
You are too injured to fight recklessly!
You are too injured to fight recklessly!
You are too injured to fight recklessly!
You are too injured to fight recklessly!
A kobold comes into view.
It is wielding a +2 short sword of flaming.
You see here a hobgoblin corpse.
The dart slug launches a dart at you. The slug dart misses you.
Found 10 gold pieces.
You hit the dart slug.
The dart slug is lightly wounded.
The kobold misses you. The kobold hits you but does no damage.
You hit the dart slug but do no damage.
The dart slug is lightly wounded.
The dart slug bites you but does no damage.
The kobold hits you but does no damage.
You sock the dart slug!
You kill the dart slug!
The kobold hits you with a +2 short sword of flaming.
You die...

#.# #### #.#
..#####.######
.............#
#######.####.#
#######.# #.#
...[....## #.#
##### .....|...#
#.#......
##.......###@..#
#........g††K.#
........?#####.#
##.......# ..#
#........ .$#
#.......## ..#
......... .#
.....#### .#
.....


You could see a hobgoblin and a kobold.

Vanquished Creatures
  A dart slug (D:1)
  A hobgoblin (D:1)
2 creatures vanquished.

Notes
Turn   | Place    | Note
-------+----------+-------------------------------------------
     0 | D:1      | Froggeryz the Gargoyle Gladiator began the quest for the
                  | Orb.
     0 | D:1      | Reached XP level 1. HP: 12/12 MP: 1/1
    38 | D:1      | Slain by a kobold

Illustrated notes

Levels and vault maps discovered:
D:1:      ldierk_walled_garden, layout_loops_ring,
          shapermc_ecumenical_altar_mp_highgroup

Action                   || total
-------------------------++-------
Melee: Flail             ||     5
Armor: Leather armour    ||     3
Dodge: Dodged            ||     3

Table legend: (Time is in decaauts)
 A = Elapsed time spent in this place.
 B = Non-inter-level travel time spent in this place.
 C = Inter-level travel time spent in this place.
 D = Time resting spent in this place.
 E = Time spent auto-exploring this place.
 F = Levels seen in this place.
 G = Mean time per level.
                   A        B        C        D        E       F      G
               +--------+--------+--------+--------+--------+-----+--------+
         Total |     39 |     39 |      0 |      0 |     29 |   1 |   39.0 |
       Dungeon |     39 |     39 |      0 |      0 |     29 |   1 |   39.0 |
               +--------+--------+--------+--------+--------+-----+--------+

Top non-repeatable levels by time:
     D:1: 39 daAuts
